 Dungeon Crawl Stone Soup version 0.23-a0-635-g88ca12a (console) character file.

701 Duffy the Conjurer (level 7, -3/46 HPs)
             Began as a Demonspawn Fire Elementalist on Dec 27, 2018.
             Slain by a worker ant (6 damage)
             ... on level 5 of the Dungeon.
             The game lasted 00:04:08 (2290 turns).

Duffy the Conjurer (Demonspawn Fire Elementalist)   Turns: 2290, Time: 00:04:08

Health: -3/46      AC:  2    Str: 13    XL:     7   Next: 38%
Magic:  0/13       EV: 12    Int: 18    God:
Gold:   70         SH:  0    Dex: 14    Spells: 6/14 levels left

rFire    . . .     SeeInvis .   (no weapon)
rCold    . . .     Gourm    .   (no shield)
rNeg     . . .     Faith    .   a - +0 robe
rPois    .         Spirit   +   (helmet restricted)
rElec    .         Reflect  .   (no cloak)
rCorr    +         Harm     .   (no gloves)
MR       .....                  (no boots)
Stlth    ++........             (no amulet)
HPRegen  0.15/turn              o - ring of resist corrosion
MPRegen  0.26/turn              (no ring)

@: mighty, lethally poisoned (-3 -> -6)
A: antennae 1, magic shield, magic regeneration
a: no special abilities


You were on level 5 of the Dungeon.
You were very hungry.

You visited 1 branch of the dungeon, and saw 6 of its levels.

You collected 70 gold pieces.

Inventory:

Armour
 a - a +0 robe (worn)
Jewellery
 o - a ring of resist corrosion (left hand)
Wands
 m - a wand of polymorph (11)
Scrolls
 e - a scroll of random uselessness {unknown}
 f - a scroll of enchant armour {unknown}
 h - 2 scrolls of identify {unknown}
 l - a scroll of enchant weapon {unknown}
 n - a scroll of teleportation {unknown}
Potions
 b - a potion of degeneration {unknown}
 d - a potion of might
 g - a potion of ambrosia
 i - a potion of brilliance {unknown}
 j - a potion of curing {unknown}
 k - a potion of haste {unknown}
 q - a potion of agility {unknown}
Comestibles
 c - 2 rations


   Skills:
 - Level 1.7 Dodging
 - Level 1.7 Stealth
 + Level 4.3 Spellcasting
 + Level 5.4 Conjurations
 + Level 4.7 Fire Magic


You had 6 spell levels left.
You knew the following spells:

 Your Spells              Type           Power        Failure   Level  Hunger
h - Flame Tongue          Conj/Fire      ###..        1%          1    None
j - Sticky Flame          Conj/Fire      ###.....     17%         4    ####...
l - Conjure Flame         Conj/Fire      ###.....     5%          3    ###....

Your spell library contained the following spells:

 Spells                   Type           Power        Failure   Level  Hunger
 Throw Flame              Conj/Fire      ###...       2%          2    ##.....
 Inner Flame              Hex/Fire       ##......     16%         3    ###....
 Fireball                 Conj/Fire      ###.......   43%         5    ######.


Dungeon Overview and Level Annotations

Branches:
Dungeon (6/15)
 Temple: D:4-7

Altars:
Dithmenos

Annotations:
D:3 Natasha
D:4 exclusion: worker ant, Edmund, Eustachio
D:6 exclusion: crimson imp


Innate Abilities, Weirdness & Mutations

You have a pair of small antennae on your head.
When hurt, damage is shared between your health and your magic reserves.
You regenerate magic rapidly.


Message History

Casting: Flame Tongue (safe; 1% risk of failure)
Confirm with . or Enter, or press ? or * to list all spells.
Aiming: Flame Tongue (safe; 1% risk of failure)
Press: ? - help, Shift-Dir - straight line, f/p - orc
Aim: an orc, wielding a +0 war axe The flame tongue hits the orc.
The orc is heavily wounded.
The worker ant bites you.
* * * LOW HITPOINT WARNING * * *
Casting: Flame Tongue (safe; 1% risk of failure)
Confirm with . or Enter, or press ? or * to list all spells.
Aiming: Flame Tongue (safe; 1% risk of failure)
Press: ? - help, Shift-Dir - straight line, f/p - orc
Aim: an orc, wielding a +0 war axe (heavily wounded)
The flame tongue hits the orc.
You kill the orc!
* * * LOW HITPOINT WARNING * * *
You feel sick. The worker ant misses you. The orc barely misses you.
The worker ant bites you.
You die...

#.. #.#
##.##.#
#.....
#..#.#
..#.# #
.(.#
#.##.#..#
#.....oo#
#..o@#
#..#a# #.
#.# # #.#
#.# #.#
#.# #..


You could see a worker ant and 3 orcs.

Vanquished Creatures
  A centaur zombie (D:6)
  A sky beast (D:6)
  A bullfrog (D:6)
  An orc priest (D:6)
  2 hounds
  An iron imp (D:6)
  An orc wizard (D:6)
  An adder (D:6)
  A shadow imp (D:6)
  An adder skeleton (D:5)
  A worm (D:6)
  3 leopard geckos
  2 orcs
  2 bats (D:1)
  2 hobgoblins (D:1)
  A quokka (D:3)
  A ball python skeleton (D:5)
  2 frilled lizards
  2 goblins (D:1)
  A jackal zombie (D:5)
  A rat (D:1)
29 creatures vanquished.

Notes
Turn   | Place    | Note
-------+----------+-------------------------------------------
     0 | D:1      | Duffy the Demonspawn Fire Elementalist began the quest for
                  | the Orb.
     0 | D:1      | Reached XP level 1. HP: 13/13 MP: 3/3
   432 | D:1      | Reached skill level 2 in Conjurations
   511 | D:1      | You fall through a shaft!
   525 | D:2      | Noticed an orc priest
   525 | D:2      | Noticed an orc wizard
   532 | D:3      | Noticed Natasha
   547 | D:4      | Noticed a worker ant
   583 | D:3      | Gained mutation: You have a pair of small antennae on your
                  | head. [demonic ancestry]
   583 | D:3      | Reached XP level 2. HP: 19/19 MP: 3/5
   653 | D:5      | Entered Level 5 of the Dungeon
   658 | D:4      | Noticed Eustachio
   754 | D:4      | Noticed Edmund
   894 | D:4      | Reached skill level 3 in Conjurations
   894 | D:4      | Gained mutation: When hurt, damage is shared between your
                  | health and your magic reserves. [demonic ancestry]
   894 | D:4      | Reached XP level 3. HP: 24/24 MP: 1/6
   946 | D:4      | Learned a level 3 spell: Conjure Flame
  1402 | D:5      | HP: 1/24 [hound (4)]
  1403 | D:5      | Reached XP level 4. HP: 1/30 MP: 0/7
  1893 | D:6      | Noticed a bullfrog
  1898 | D:6      | Killed a bullfrog
  1898 | D:6      | Reached skill level 4 in Conjurations
  1898 | D:6      | Gained mutation: You regenerate magic rapidly. [demonic
                  | ancestry]
  1898 | D:6      | Reached XP level 5. HP: 17/35 MP: 0/9
  2096 | D:6      | Noticed a sky beast
  2108 | D:6      | Killed a sky beast
  2108 | D:6      | Reached XP level 6. HP: 34/41 MP: 3/10
  2114 | D:6      | Learned a level 4 spell: Sticky Flame
  2187 | D:6      | Found a shadowy altar of Dithmenos.
  2241 | D:6      | Noticed an orc warrior
  2258 | D:6      | Reached skill level 5 in Conjurations
  2258 | D:6      | Reached XP level 7. HP: 16/46 MP: 3/13
  2290 | D:5      | Slain by a worker ant

Vault maps used:
D:1:      erik_arrival_triangle_small
D:2:      first_ration
D:3:      uniq_crazy_yiuf_cottage, uniq_natasha, uniq_sigmund
D:4:      minmay_temple_entry_antechambers, uniq_edmund, uniq_eustachio,
          uniq_blork_the_orc
D:5:      lemuel_old_faithful
D:6:      lemuel_doored_altar

Skill      XL: |  1  2  3  4  5  6 |
---------------+-------------------+-----
Conjurations   | 2 3 4 5 |  5.4
Fire Magic     | 3 4 |  4.7
Spellcasting   | 3 4 |  4.3
Dodging        | |  1.7
Stealth        | |  1.7

Action                   |  1- 3 |  4- 6 |  7- 9 || total
-------------------------+-------+-------+-------++-------
 Cast: Flame Tongue      |    40 |    30 |     6 ||    76
       Conjure Flame     |     2 |     1 |     1 ||     4
       Sticky Flame      |       |     2 |       ||     2
Evoke: Wand              |       |     8 |     1 ||     9
  Use: Potion            |       |     2 |       ||     2
  Eat: Chunk             |     1 |       |       ||     1
       Ration            |       |     1 |       ||     1
Armor: Robe              |     4 |     9 |     1 ||    14
Dodge: Dodged            |    36 |    23 |     5 ||    64

Table legend:
 A = Non-vault XP
 B = Vault XP
 C = Vault XP percentage of total XP
 D = Non-vault monster count
 E = Vault monster count
 F = Vault count percentage of total count
                 A         B        C        D         E       F
            +---------+---------+-------+---------+---------+-------
      Total |    1002 |       0 |   0.0 |      29 |       0 |   0.0
            +---------+---------+-------+---------+---------+-------
        D:1 |      11 |       0 |   0.0 |       8 |       0 |   0.0
        D:3 |       3 |       0 |   0.0 |       2 |       0 |   0.0
        D:4 |      43 |       0 |   0.0 |       2 |       0 |   0.0
        D:5 |      56 |       0 |   0.0 |       7 |       0 |   0.0
        D:6 |     889 |       0 |   0.0 |      10 |       0 |   0.0
            +---------+---------+-------+---------+---------+-------
